 Dungeon Crawl Stone Soup version 0.26.1-11-gd32895ea62 (webtiles) character file.

Game seed: 11214937426791462536

162 nightchill the Poker (level 5, -5/43 HPs)
             Began as a Merfolk Fighter on Apr 16, 2021.
             Was an Initiate of Okawaru.
             Killed from afar by an orc wizard (8 damage)
             ... with a puff of flame
             ... on level 4 of the Dungeon.
             The game lasted 00:03:11 (2940 turns).

nightchill the Poker (Merfolk Fighter)              Turns: 2940, Time: 00:03:12

Health: -5/43      AC:  8    Str: 16    XL:     5   Next: 43%
Magic:  6/6        EV:  6    Int:  9    God:    Okawaru [......]
Gold:   200        SH:  9    Dex: 13    Spells: 4/4 levels left

rFire    . . .     SeeInvis .   a - +0 trident
rCold    . . .     Faith    .   c - +0 kite shield
rNeg     . . .     Spirit   .   b - +0 scale mail
rPois    .         Reflect  .   (no helmet)
rElec    .         Harm     .   (no cloak)
rCorr    .         Rampage  .   (no gloves)
Will     .....                  f - +1 pair of boots {Stlth+}
Stlth    +.........             (no amulet)
HPRegen  0.14/turn              (no ring)
MPRegen  0.10/turn              (no ring)

@: mighty
A: change form in water, swift swim, stealthy swim
a: Renounce Religion


You were on level 4 of the Dungeon.
You worshipped Okawaru.
Okawaru was noncommittal.
You visited 1 branch of the dungeon, and saw 4 of its levels.

You collected 200 gold pieces.

Inventory:

Hand Weapons
 a - a +0 trident (weapon)
Missiles
 i - 8 javelins (quivered)
Armour
 b - a +0 scale mail (worn)
 c - a +0 kite shield (worn)
 f - a +1 pair of boots of stealth (worn)
Scrolls
 h - 4 scrolls of remove curse {unknown}
 k - 2 scrolls of identify {unknown}
 l - a scroll of fog {unknown}
 o - a scroll of amnesia {unknown}
 p - a scroll of enchant armour {unknown}
Potions
 e - a potion of degeneration {unknown}
 g - 2 potions of mutation {unknown}
 j - a potion of brilliance {unknown}
 m - a potion of lignification {unknown}
 n - a potion of experience {unknown}
 q - a potion of cancellation {unknown}


   Skills:
 + Level 4.4 Fighting
 * Level 6.3 Polearms
 - Level 2.1 Armour
 - Level 3.0 Shields
 + Level 1.7 Invocations


You had 4 spell levels left.
You didn't know any spells.
Your spell library was empty.

Dungeon Overview and Level Annotations

Branches:
Dungeon (4/15)
 Temple: D:4-7

Altars:
Okawaru

Annotations:
D:3 3 runed translucent doors, Sassenached's ghost, amateur DgWn; Sassenached's ghost, amateur NaWn; diana's ghost, amateur DsGl; groll's ghost, amateur MiBe


Message History

* * * LOW HITPOINT WARNING * * *
You barely miss something. Something hits you.
* * * LOW HITPOINT WARNING * * *
You hear some strange, mumbled words.
A magic dart appears from out of thin air!
The magic dart hits you but does no damage.
You miss something. Something hits you but does no damage.
You closely miss something. Something hits you.
* * * LOW HITPOINT WARNING * * *
Something hits you.
* * * LOW HITPOINT WARNING * * *
You feel very mighty all of a sudden. Something hits you.
* * * LOW HITPOINT WARNING * * *
You block something's attack.
You closely miss something.
You hear some strange, mumbled words.
A puff of flame appears from out of thin air!
The puff of flame hits you!
You die...

######.#.....#......
##.##.#####.#......
#.##...........###.###
#........####### #.#
#.###.##.# #.#
#........# #+#
#.###.##.# #.##.#
#@##.# #{#... .o.
#.... #...#. #.>.###
..... .....


You could see an orc.

Vanquished Creatures
  A centaur zombie (D:4)
  5 adders
  An ooze (D:2)
  2 adder zombies (D:4)
  5 worms
  2 leopard geckos
  An orc (D:4)
  2 bats
  A giant cockroach (D:3)
  4 hobgoblins
  2 jackals (D:1)
  7 kobolds
  A ball python (D:1)
  A ball python skeleton (D:4)
  5 frilled lizards
  4 goblins
  A leopard gecko zombie (D:4)
  A quokka zombie (D:4)
  7 rats
53 creatures vanquished.

Vanquished Creatures (others)
  An orc wizard (D:4)
  2 withered plants (D:3)
3 creatures vanquished.

Grand Total: 56 creatures vanquished

Notes
Turn   | Place    | Note
-------+----------+-------------------------------------------
     0 | D:1      | nightchill the Merfolk Fighter began the quest for the Orb.
     0 | D:1      | Reached XP level 1. HP: 18/18 MP: 1/1
   302 | D:1      | Reached XP level 2. HP: 24/24 MP: 2/2
   368 | D:1      | Reached skill level 4 in Polearms
   733 | D:2      | Reached XP level 3. HP: 20/30 MP: 3/3
   930 | D:2      | Found an iron altar of Okawaru.
   956 | D:2      | Became a worshipper of Warmaster Okawaru
  1145 | D:2      | Reached skill level 5 in Polearms
  1186 | D:2      | Reached XP level 4. HP: 30/37 MP: 4/4
  1597 | D:2      | Reached skill level 1 in Invocations
  2485 | D:3      | Found a runed translucent gate.
  2486 | D:3      | Found a runed translucent gate.
  2487 | D:3      | Found a runed translucent gate.
  2488 | D:3      | Noticed groll's ghost (amateur MiBe)
  2488 | D:3      | Noticed Sassenached's ghost (amateur NaWn)
  2488 | D:3      | Noticed diana's ghost (amateur DsGl)
  2488 | D:3      | Noticed Sassenached's ghost (amateur DgWn)
  2810 | D:4      | Reached skill level 6 in Polearms
  2810 | D:4      | Reached XP level 5. HP: 33/43 MP: 4/6
  2940 | D:4      | Killed from afar by an orc wizard

Illustrated notes

Levels and vault maps discovered:
D:1:      lightli_iron_boxes, layout_loops_ring
D:2:      layout_loops_ring, okawaru_gym_becter
D:3:      layout_basic, gammafunk_ghost_cemetery
D:4:      layout_loops_corners, pdpol_wu_jian_five_deadly_venoms, serial_undead,
          serial_undead_e, serial_undead_f, serial_undead_b, serial_undead_a,
          serial_shops, kennysheep_little_box, uniq_pikel

Skill      XL: |  1  2  3  4 |
---------------+-------------+-----
Polearms       | 4 5 6 |  6.3
Fighting       | 4 |  4.4
Invocations    | 1 |  1.7
Armour         | |  2.1
Shields        | |  3.0

Action                   |  1- 3 |  4- 6 || total
-------------------------+-------+-------++-------
Melee: Trident           |   103 |   122 ||   225
  Use: Potion            |       |     1 ||     1
 Stab: Sleeping          |       |     1 ||     1
Armor: Scale mail        |    32 |    41 ||    73
Dodge: Dodged            |    22 |    13 ||    35
Block: Kite shield       |    27 |    36 ||    63
